Map: Goldenaura LE

Players

Spazymazy

  • Race: Zerg Zerg
  • League: Master
  • Spawn Location: 5:00

Harstem - Winner!

  • Race: Protoss Protoss
  • League: Master
  • Spawn Location: 12:00

Event: HomeStory Cup XXV

VOD

Have the link to the VOD?

Description

Time

  • Played on: June 22, 2024, 6:59 a.m.
  • Length: 6:26

All games in this series

Show
View Real Time Build Order
Export as new Build Order

Spazymazy Zerg 

Build Orders: Hatch First 

Get SALT Encoding   

  12  0:00  Drone  
  13  0:11  Overlord  
  13  0:16  Drone  
  14  0:30  Drone x2  
  16  0:47  Hatchery  
  15  0:51  Drone  
  15  0:55  Drone  
  17  0:58  Drone  
  18  1:09  Extractor  
  17  1:14  Spawning Pool  
  17  1:17  Drone  
  17  1:20  Drone  
  18  1:27  Drone  
  19  1:37  Overlord  
  19  1:48  Drone  
  20  2:00  Queen x2  
  25  2:01  Zergling x2  
  25  2:03  Zergling x2  
  26  2:10  Metabolic Boost  
  26  2:13  Drone  
  27  2:17  Drone  
  27  2:21  Drone  
  29  2:35  Hatchery  
  28  2:42  Queen  
  30  2:45  Drone  
  30  2:47  Drone  
  32  2:51  Overlord  
  32  3:02  Drone  
  32  3:04  Drone  
  34  3:06  Zergling x4  
  34  3:09  Overlord  
  36  3:13  Drone  
  37  3:23  Drone  
  37  3:24  Drone x2, Queen  
  42  3:27  Drone  
  45  3:34  Drone x2  
  45  3:37  Spore Crawler  
  44  3:42  Overlord  
  44  3:43  Drone  
  44  3:46  Queen  
  44  3:48  Drone x2  
  49  3:49  Drone  
  49  3:53  Drone  
  49  3:58  Zergling x2  
  48  4:04  Drone x2  
  48  4:07  Spore Crawler  
  48  4:09  Drone x4  
  53  4:18  Overlord  
  53  4:24  Evolution Chamber  
  52  4:28  Overlord  
  52  4:30  Overlord  
  52  4:31  Spore Crawler  
  52  4:36  Overlord  
  52  4:37  Drone x3  
  52  4:38  Drone x3, Zergling x2  
  54  4:47  Drone x3  
  54  4:51  Drone x3  
  54  4:52  Drone  
  59  4:57  Lair  
  59  5:00  Queen  
  59  5:02  Drone x2  
  59  5:03  Zergling x2  
  59  5:04  Zergling x2  
  66  5:07  Zergling x4  
  66  5:10  Zergling x4  
  66  5:12  Zergling x4  
  71  5:16  Zergling x2  
  71  5:20  Zergling x2  
  73  5:24  Zergling x2  
  73  5:26  Drone  
  73  5:27  Drone x2  
  73  5:28  Overlord  
  77  5:32  Extractor x2  
  75  5:38  Drone x2  
  75  5:39  Drone  
  75  5:41  Hatchery  
  77  5:45  Drone x3  
  77  5:46  Drone  
  77  5:47  Drone x3  
  84  5:50  Extractor  
  84  5:57  Zergling x10  
  88  5:59  Zergling x2  
  90  6:08  Zergling x4  
Show
View Real Time Build Order
Export as new Build Order

Harstem Protoss - Winner!

Build Orders: 1 Gate Expand, Oracle Opening 

Get SALT Encoding   

  12  0:00  Probe  
  13  0:12  Probe  
  14  0:19  Pylon  
  14  0:24  Probe  
  15  0:37  Probe (Chrono Boost)  
  15  0:39  Gateway  
  16  0:46  Probe (Chrono Boost)  
  16  0:47  Assimilator  
  17  0:51  Probe (Chrono Boost)  
  18  1:04  Probe  
  19  1:16  Probe  
  20  1:23  Nexus  
  20  1:34  Cybernetics Core  
  20  1:37  Probe  
  21  1:44  Assimilator  
  21  1:49  Probe  
  21  1:52  Pylon  
  22  2:01  Probe  
  23  2:08  Adept (Chrono Boost)  
  23  2:13  Probe  
  26  2:25  Probe, Stargate  
  26  2:28  Adept (Chrono Boost)  
  27  2:35  Probe  
  30  2:37  Warp Gate, Probe  
  31  2:47  Probe  
  31  2:49  Probe  
  31  2:51  Adept  
  35  2:59  Probe  
  35  3:01  Probe  
  37  3:11  Probe  
  37  3:12  Void Ray (Chrono Boost)  
  42  3:13  Probe  
  42  3:14  Pylon  
  43  3:23  Probe  
  44  3:27  Gateway, Probe  
  45  3:36  Probe  
  45  3:39  Oracle (Chrono Boost)  
  50  3:49  Nexus  
  50  3:52  Pylon  
  50  3:53  Probe  
  50  3:54  Probe  
  50  4:05  Probe  
  50  4:06  Twilight Council  
  50  4:09  Probe  
  52  4:10  Nexus  
  52  4:18  Probe  
  54  4:25  Gateway x2  
  54  4:27  Adept  
  54  4:28  Adept  
  54  4:30  Probe  
  58  4:32  Pylon  
  58  4:36  Probe  
  58  4:38  Assimilator, Resonating Glaives (Chrono Boost)  
  59  4:40  Pylon  
  59  4:42  Probe  
  61  4:53  Adept x2  
  61  4:54  Probe  
  61  4:56  Probe  
  61  4:58  Assimilator  
  66  5:06  Probe  
  67  5:07  Robotics Facility  
  67  5:08  Probe  
  68  5:14  Adept x2  
  68  5:18  Probe  
  68  5:21  Probe  
  74  5:22  Adept  
  74  5:23  Adept  
  74  5:24  Probe  
  79  5:30  Probe  
  79  5:33  Probe  
  79  5:35  Adept x2  
  85  5:36  Probe  
  85  5:37  Pylon  
  86  5:43  Probe  
  86  5:45  Probe  
  86  5:46  Adept x2  
  86  5:48  Pylon  
  92  5:50  Probe  
  92  5:55  Probe  
  94  5:57  Probe  
  100  6:07  Probe, Pylon  
  100  6:08  Forge  
  98  6:12  Probe  
  98  6:13  Adept  
  98  6:14  Adept x2  
  103  6:18  Adept  
Tags
 
Add a new tag
Caveats
  • Supply blocks, unpowered buildings, or Contaminate may cause inaccurate times.
  • Supply counts are checked every 10 seconds.